 Dungeon Crawl Stone Soup version 0.30-a0-1160-g6e42c06551 (webtiles) character file.

Game seed: 14454488934710122622

1851 RepHenryClay the Cruncher (level 8, -3/62 HPs)
             Began as a Minotaur Gladiator on Apr 25, 2023.
             Slain by a gnoll
             ... wielding a +0 halberd
             ... led by a gnoll sergeant
              (8 damage)
             ... on level 7 of the Dungeon.
             The game lasted 00:07:41 (4968 turns).

RepHenryClay the Cruncher (Minotaur Gladiator)      Turns: 4968, Time: 00:07:42

Health: -3/62      AC: 11    Str: 22    XL:     8   Next: 88%
Magic:  7/7        EV:  9    Int:  5    God:
Gold:   305        SH:  0    Dex: 11    Spells: 7/7 levels left

rFire   . . .        a - +0 quarterstaff
rCold   . . .        (shield currently unavailable)
rNeg    + . .        f - +0 chain mail
rPois   +            c - +0 hat
rElec   .            v - +1 cloak {rPois}
rCorr   +            E - +0 pair of gloves
SInv    .            (no boots)
Will    .....        (no amulet)
Stlth   x              - ring of resist corrosion
HPRegen 0.30/turn    H - ring of positive energy
MPRegen 0.10/turn

%: no passive effects
@: about to teleport
A: horns 2, retaliatory headbutt
a: no special abilities


You were on level 7 of the Dungeon.
You visited 1 branch of the dungeon, and saw 7 of its levels.

You collected 305 gold pieces.

Inventory:

Hand Weapons
 a - a +0 quarterstaff (weapon)
Missiles
 d - 3 throwing nets
 e - a javelin
 o - 17 poisoned darts (quivered)
 u - 6 atropa-tipped darts
Armour
 c - a +0 hat (worn)
 f - a +0 chain mail (worn)
 v - a +1 cloak of poison resistance (worn)
 w - a +1 ring mail of fire resistance
 E - a +0 pair of gloves (worn)
Jewellery
 x - a ring of resist corrosion (left hand)
 H - a ring of positive energy (right hand)
 J - the ring "Wuletudith" {rF+ rC- Dex+6}
   (You found it on level 5 of the Dungeon)

   [ring of protection from fire]

   Dex:       It affects your dexterity (+6).
   rF:        It protects you from fire.
   rC:        It makes you vulnerable to cold.
 M - a ring of protection from fire
Wands
 l - a wand of flame (50)
 y - a wand of paralysis (12)
 z - a wand of mindburst (12)
 A - a wand of acid (6)
 G - a wand of iceblast (9)
Scrolls
 h - a scroll of torment {unknown}
 j - 2 scrolls of fog {unknown}
 p - a scroll of brand weapon {unknown}
 q - a scroll of enchant weapon {unknown}
 r - 3 scrolls of magic mapping
 s - a scroll of noise
 C - a scroll of enchant armour {unknown}
 F - 2 scrolls of amnesia {unknown}
 K - a scroll of poison {unknown}
Potions
 b - 5 potions of curing
 g - a potion of resistance {unknown}
 k - 3 potions of attraction
 m - a potion of heal wounds
 t - a potion of lignification {unknown}
 B - 3 potions of flight
 D - 2 potions of mutation
 I - a potion of degeneration {unknown}
 L - a potion of ambrosia {unknown}


   Skills:
 - Level 2.4 Fighting
 - Level 0.7(9.0) Maces & Flails
 - Level 14.0 Staves
 - Level 2.0 Throwing
 + Level 0.0 Armour
 - Level 3.2 Dodging


You had 7 spell levels left.
You didn't know any spells.
Your spell library contained the following spells:

 Spells                   Type           Power      Damage    Failure   Level
 Blink                    Tloc           0%         N/A       99%         2
 Ensorcelled Hibernation  Hex/Ice        0%         N/A       99%         2
 Lesser Beckoning         Tloc           0%         N/A       99%         2
 Momentum Strike          Conj/Tloc      0%         3d8       99%         2
 Hailstorm                Conj/Ice       0%         3d3       100%        3
 Ozocubu's Armour         Ice            0%         N/A       100%        3
 Spider Form              Tmut/Pois      0%         N/A       100%        3
 Summon Guardian Golem    Hex/Summ       0%         N/A       100%        3
 Anguish                  Hex/Necr       0%         N/A       100%        4
 Ice Form                 Ice/Tmut       0%         N/A       100%        4
 Simulacrum               Ice/Necr       0%         N/A       100%        6
 Orb of Destruction       Conj           0%         9d5       100%        7
 Ozocubu's Refrigeration  Ice            0%         4d7       100%        7
 Spellforged Servitor     Conj/Summ      0%         N/A       100%        7


Dungeon Overview and Level Annotations

Branches:
Dungeon (7/15)
 Temple: D:4-7

Altars:
Ashenzari


Innate Abilities, Weirdness & Mutations

You have a pair of horns on your head.
You reflexively headbutt those who attack you in melee.


Message History

A sky beast comes into view.
The orc hits you with a +0 hand axe. The gnoll barely misses you.
Huge Dmg: -16%(-10hp) hp: 41%(25hp)
You sock the gnoll sergeant!
You kill the gnoll sergeant!
The gnoll hits you from afar with a +0 halberd!
* * * LOW HITPOINT WARNING * * *
The sky beast flickers out of sight!
Deactivating autopickup; reactivate with Ctrl-A.
The orc hits you with a +0 hand axe.
* * * LOW HITPOINT WARNING * * *
Training target 14.0 for Staves reached!
Your Staves skill increases to level 14!
You need to enable at least one skill for training.
Huge Dmg: -23%(-14hp) hp: 18%(11hp) Unknown command.
You feel much better.
The gnoll hits you from afar with a +0 halberd.
* * * LOW HITPOINT WARNING * * *
The gnoll hits you but does no damage. The orc hits you but does no damage.
The orc attacks as you move away! The orc hits you with a +0 hand axe.
* * * LOW HITPOINT WARNING * * *
You see here a +0 spear.
Damage: -2%(-1hp) hp: 36%(22hp)
You hit the orc.
The orc is heavily wounded.
You hit the orc. You headbutt the orc.
You kill the orc!
The gnoll hits you from afar with a +0 spear.
* * * LOW HITPOINT WARNING * * *
Damage: -4%(-2hp) hp: 34%(21hp) Unknown command.
The steam dragon breathes steam at you. The ball of steam hits you!
* * * LOW HITPOINT WARNING * * *
Huge Dmg: -25%(-16hp) hp: 9%(5hp)
As you read the scroll of teleportation, it crumbles to dust.
You feel strangely unstable. The gnoll hits you but does no damage.
The gnoll hits you from afar with a +0 halberd!
You die...

....# .. .....##..
.....###.. ###.#.... ..
.........# ##>......###...
.........# ##......).......
........#####...# #.#)..#
.^.............# #.))#.#
............#######g..# .#
................§..g..# ..
.................@§...# .#
................§§....## #
#
.......(..........§....#.#.
.....#............D.......#
........................#.#
.......................## #
...###.....................
#####..##..................
#.....###..................


You could see a steam dragon (catching breath) and 2 gnolls.

Vanquished Creatures
  Pikel (D:5)
  Prince Ribbit (D:6)
  A steam dragon (D:6)
  A water moccasin (D:7)
  An ice beast (D:5)
  2 sky beasts (D:6)
  3 ogres
  4 lemures (D:4)
  A gnoll sergeant (D:7)
  2 scorpions
  A jelly (D:5)
  Crazy Yiuf (D:2)
  An orc priest (D:3)
  2 sleepcaps
  Ijyb (D:3)
  2 gnolls (D:7)
  4 adders
  A white imp (D:5)
  2 worms
  2 dart slugs
  6 orcs
  2 ball pythons
  3 endoplasms
  2 giant cockroaches
  5 goblins
  11 hobgoblins
  4 kobolds
  2 quokkas
  5 bats
  4 frilled lizards
  2 rats
80 creatures vanquished.

Vanquished Creatures (others)
  14 fungi (D:6)
14 creatures vanquished.

Grand Total: 94 creatures vanquished

Notes
Turn   | Place    | Note
-------+----------+-------------------------------------------
     0 | D:1      | RepHenryClay the Minotaur Gladiator began the quest for the
                  | Orb.
     0 | D:1      | Reached XP level 1. HP: 18/18 MP: 0/0
    74 | D:1      | Reached skill level 4 in Staves
   113 | D:1      | Reached XP level 2. HP: 25/25 MP: 1/1
   878 | D:2      | Reached skill level 5 in Staves
   878 | D:2      | Reached XP level 3. HP: 20/30 MP: 2/2
  1321 | D:2      | Found a runed translucent door.
  1322 | D:2      | Noticed Crazy Yiuf
  1671 | D:2      | Killed Crazy Yiuf
  1672 | D:2      | Reached skill level 6 in Staves
  1672 | D:2      | Reached XP level 4. HP: 31/37 MP: 3/3
  2236 | D:3      | Found a faded altar of an unknown god.
  2417 | D:3      | Noticed Ijyb
  2419 | D:3      | Paralysed by Ijyb for 2 turns
  2427 | D:3      | Killed Ijyb
  2428 | D:3      | Reached skill level 7 in Staves
  2428 | D:3      | Reached XP level 5. HP: 40/42 MP: 4/4
  2628 | D:4      | Noticed an ogre
  2636 | D:4      | Killed an ogre
  2637 | D:4      | Reached skill level 8 in Staves
  2666 | D:4      | Reached XP level 6. HP: 40/50 MP: 5/5
  3111 | D:5      | Entered Level 5 of the Dungeon
  3152 | D:5      | Noticed an ice beast
  3170 | D:5      | Killed an ice beast
  3171 | D:5      | Reached skill level 9 in Staves
  3352 | D:5      | Reached skill level 10 in Staves
  3352 | D:5      | Reached XP level 7. HP: 44/56 MP: 6/6
  3447 | D:5      | Noticed Pikel
  3720 | D:5      | Killed Pikel
  3721 | D:5      | Reached skill level 11 in Staves
  3721 | D:5      | Reached XP level 8. HP: 62/62 MP: 7/7
  3744 | D:5      | Identified the ring "Wuletudith" {rF+ rC- Dex+6}
  4044 | D:6      | Reached skill level 12 in Staves
  4298 | D:6      | Found a broken altar of Ashenzari.
  4503 | D:6      | Noticed Prince Ribbit
  4510 | D:6      | Killed Prince Ribbit
  4511 | D:6      | Reached skill level 13 in Staves
  4961 | D:7      | Reached skill level 14 in Staves
  4968 | D:7      | Slain by a gnoll

Illustrated notes

Levels and vault maps discovered:
D:1:      giann_horns, layout_loops_cross, nicolae_eternal_life,
          amcnicky_mini_corridor_feature
D:2:      layout_basic, wander_ebering_terrifying_dragon_lair,
          uniq_crazy_yiuf_cottage
D:3:      layout_basic, hellmonk_ecumenical_altar_inner_sanctum, uniq_ijyb
D:4:      layout_basic
D:5:      layout_cave_pools, item_on_display_a, uniq_pikel
D:6:      kennysheep_steamy, layout_loops_ring, cheibrodos_ashenzari_chains,
          glass_columns_a, uniq_prince_ribbit1
D:7:      layout_rooms, minmay_temple_entry_junction, serial_shops, shop

Skill      XL: |  1  2  3  4  5  6  7  8 |
---------------+-------------------------+-----
Staves         | 4 5 6 7 8 10 11 14 | 14.0
Fighting       | |  2.4
Maces & Flails | |  0.7
Throwing       | |  2.0
Dodging        | |  3.2

Action                     |  1- 3 |  4- 6 |  7- 9 || total
---------------------------+-------+-------+-------++-------
  Melee: Quarterstaff      |    55 |    74 |    94 ||   223
         Headbutt          |     8 |    19 |    15 ||    42
  Throw: Throwing net      |     3 |       |       ||     3
         Dart              |       |     7 |       ||     7
  Evoke: Wand              |       |     7 |     4 ||    11
    Use: Potion            |     1 |       |     1 ||     2
         Scroll            |       |       |     8 ||     8
   Stab: Sleeping          |     1 |       |       ||     1
         Paralysed         |       |       |     5 ||     5
 Armour: Leather armour    |     9 |       |       ||     9
         Chain mail        |       |    43 |    39 ||    82
         Ring mail         |       |     6 |       ||     6
  Dodge: Dodged            |    26 |    29 |    28 ||    83

Table legend: (Time is in decaauts)
 A = Elapsed time spent in this place.
 B = Non-inter-level travel time spent in this place.
 C = Inter-level travel time spent in this place.
 D = Time resting spent in this place.
 E = Time spent auto-exploring this place.
 F = Levels seen in this place.
 G = Mean time per level.
                   A        B        C        D        E       F      G
               +--------+--------+--------+--------+--------+-----+--------+
         Total |   4939 |   4773 |    166 |    332 |   3674 |   7 |  705.6 |
       Dungeon |   4939 |   4773 |    166 |    332 |   3674 |   7 |  705.6 |
               +--------+--------+--------+--------+--------+-----+--------+

Top non-repeatable levels by time:
     D:2: 997 daAuts
     D:6: 940 daAuts
     D:3: 853 daAuts
     D:4: 745 daAuts
     D:1: 729 daAuts
     D:5: 594 daAuts
     D:7: 79 daAuts
